Map: Romanticide LE

Players

PartinG

  • Race: Protoss Protoss

Trap - Winner!

  • Race: Protoss Protoss

Event: DreamHack SC2 Masters 2021 Fall

VOD

Have the link to the VOD?

Description

Time

  • Played on: Sept. 12, 2021, 11:16 a.m.
  • Length: 23:56

All games in this series

Show
View Real Time Build Order
Export as new Build Order

PartinG Protoss 

Build Orders: Phoenix Opening 

Get SALT Encoding   

  12  0:00  Probe  
  13  0:12  Probe  
  14  0:17  Pylon  
  14  0:24  Probe (Chrono Boost)  
  15  0:36  Probe (Chrono Boost), Gateway  
  16  0:44  Probe (Chrono Boost)  
  16  0:45  Assimilator  
  17  0:51  Probe  
  17  0:54  Assimilator  
  18  1:03  Probe (Chrono Boost)  
  19  1:08  Gateway  
  19  1:12  Probe (Chrono Boost)  
  19  1:17  Probe (Chrono Boost)  
  20  1:24  Cybernetics Core  
  21  1:29  Probe  
  22  1:35  Pylon  
  22  1:41  Probe  
  23  1:53  Probe  
  24  1:58  Warp Gate (Chrono Boost)  
  24  2:00  Stalker  
  26  2:02  Sentry  
  26  2:05  Shield Battery  
  28  2:13  Pylon  
  28  2:20  Probe  
  29  2:27  Pylon  
  29  2:39  Stargate  
  29  2:46  Shield Battery  
  29  2:53  Nexus  
  29  3:01  Stalker  
  31  3:07  Stalker  
  31  3:10  Probe  
  37  3:29  Pylon  
  37  3:36  Shield Battery  
  37  3:38  Shield Battery  
  37  3:40  Pylon  
  36  3:43  Phoenix  
  35  3:49  Stalker  
  37  3:55  Stalker  
  39  4:05  Probe  
  39  4:06  Probe  
  39  4:08  Phoenix  
  43  4:18  Probe x2 (Chrono Boost)  
  45  4:28  Probe x2 (Chrono Boost)  
  47  4:31  Twilight Council  
  47  4:33  Probe x2 (Chrono Boost)  
  49  4:41  Phoenix  
  49  4:44  Probe  
  52  4:47  Probe  
  53  5:00  Stalker x2  
  53  5:03  Probe  
  53  5:04  Probe  
  53  5:05  Blink (Chrono Boost)  
  57  5:08  Assimilator  
  57  5:16  Probe x2  
  59  5:24  Pylon  
  59  5:29  Robotics Facility  
  59  5:30  Probe  
  59  5:31  Probe  
  61  5:40  Nexus  
  61  5:44  Probe x2  
  63  5:51  Forge  
  63  5:58  Probe x2  
  63  5:59  Pylon  
  65  6:06  Stalker x2  
  65  6:11  Gateway  
  69  6:12  Probe  
  69  6:17  Probe  
  71  6:24  Pylon, Observer  
  71  6:25  Shield Battery  
  72  6:26  Protoss Ground Weapons Level 1 (Chrono Boost)  
  72  6:28  Stalker  
  72  6:29  Stalker  
  72  6:30  Probe  
  75  6:34  Probe  
  76  6:42  Probe  
  76  6:44  Charge (Chrono Boost)  
  76  6:46  Probe  
  79  6:47  Observer  
  79  6:48  Gateway  
  79  6:52  Probe  
  80  6:54  Probe  
  80  6:58  Probe  
  82  7:02  Gateway  
  82  7:03  Gateway  
  82  7:04  Templar Archives  
  82  7:06  Probe  
  82  7:08  Probe  
  84  7:10  Probe  
  85  7:16  Pylon  
  85  7:19  Gateway  
  85  7:22  Gateway  
  85  7:26  Probe x3  
  88  7:34  Zealot x3  
  94  7:38  Pylon  
  94  7:44  Nexus  
  94  7:50  Gateway x2  
  94  7:51  Assimilator  
  94  7:56  Shield Battery  
  94  7:58  High Templar  
  94  7:59  High Templar, Zealot x2  
  94  8:02  Observer  
  94  8:03  Archon  
  102  8:07  High Templar, Zealot  
  102  8:10  Shield Battery  
  106  8:16  High Templar  
  108  8:20  Archon  
  108  8:21  Zealot x3  
  114  8:27  Pylon, Photon Cannon  
  114  8:29  Pylon  
  114  8:30  Observer  
  114  8:31  Pylon  
  112  8:39  High Templar  
  112  8:40  Zealot  
  116  8:43  Pylon  
  116  8:49  Assimilator, Photon Cannon  
  116  8:50  Pylon  
  116  8:53  Protoss Ground Weapons Level 2 (Chrono Boost), Zealot  
  116  8:54  High Templar, Zealot x2  
  116  8:55  Zealot x3  
  130  8:59  Probe x2 (Chrono Boost)  
  130  9:00  Archon, Zealot  
  134  9:03  Probe (Chrono Boost)  
  134  9:09  Probe (Chrono Boost)  
  136  9:13  Probe (Chrono Boost)  
  137  9:20  Zealot x6  
  137  9:23  Probe  
  150  9:26  Photon Cannon  
  150  9:28  Pylon, Shield Battery  
  150  9:29  Observer  
  150  9:34  Robotics Bay  
  150  9:35  Probe x2 (Chrono Boost)  
  150  9:36  Pylon  
  152  9:39  Assimilator  
  152  9:40  Probe (Chrono Boost)  
  154  9:46  Shield Battery  
  154  9:47  Pylon, Probe (Chrono Boost)  
  154  9:48  High Templar x2  
  154  9:51  Probe (Chrono Boost)  
  159  9:54  Zealot x3  
  159  9:55  Zealot, Archon  
  167  10:01  Zealot x3  
  167  10:05  Robotics Facility  
  169  10:20  Disruptor (Chrono Boost)  
  169  10:26  Gravitic Boosters (Chrono Boost)  
  169  10:28  Dark Shrine, Photon Cannon  
  172  10:30  Gateway  
  172  10:32  Probe  
  172  10:33  Probe x3  
  172  10:34  Pylon, Photon Cannon  
  176  10:37  Photon Cannon  
  175  10:53  Disruptor x2 (Chrono Boost), Photon Cannon  
  175  10:55  Photon Cannon  
  175  10:56  Shield Battery  
  181  10:58  Shield Battery  
  177  11:05  Assimilator  
  177  11:06  Protoss Ground Weapons Level 3 (Chrono Boost)  
  177  11:08  Assimilator  
  177  11:14  Nexus  
  177  11:16  Pylon  
  177  11:19  Pylon, Disruptor x2 (Chrono Boost)  
  177  11:37  Observer  
  165  11:41  Stalker x9  
  165  11:42  Stalker  
  165  11:45  Probe (Chrono Boost)  
  187  11:50  Observer (Chrono Boost)  
  187  11:52  Probe x2 (Chrono Boost)  
  187  11:53  Probe (Chrono Boost)  
  190  11:55  Probe (Chrono Boost)  
  190  11:56  Observer (Chrono Boost)  
  188  12:17  Zealot x2  
  188  12:27  Disruptor (Chrono Boost)  
  188  12:29  Shadow Stride (Chrono Boost)  
  156  12:32  Stalker x3  
  160  12:39  Photon Cannon  
  160  12:40  Dark Templar x2, Photon Cannon  
  160  12:43  Photon Cannon  
  160  12:44  Photon Cannon, Observer (Chrono Boost)  
  164  12:47  Photon Cannon  
  164  12:48  Dark Templar x2  
  164  12:50  Shield Battery, Zealot x4  
  176  12:55  Disruptor (Chrono Boost)  
  175  13:13  Zealot x4  
  175  13:16  Disruptor  
  184  13:26  Stalker x7  
  196  13:28  Disruptor  
  199  13:39  Observer  
  195  13:49  Dark Templar x2  
  195  13:54  Observer  
  187  13:57  Dark Templar x3  
  187  13:58  Dark Templar, Protoss Shields Level 1  
  195  14:10  Disruptor  
  198  14:21  Assimilator  
  198  14:23  Assimilator  
  198  14:31  Disruptor  
  184  14:38  Stalker x3  
  184  14:39  Stalker x3  
  184  14:44  Stalker x5  
  157  15:16  Stalker x4  
  157  15:17  Stalker x6  
  177  15:23  Zealot  
  176  15:33  Nexus  
  176  15:35  Pylon  
  128  15:42  Stalker x2  
  128  15:43  Stalker x8  
  128  15:45  Stalker  
  112  16:06  Stalker x6  
  112  16:07  Stalker x4  
  112  16:08  Stalker  
  92  16:32  Stalker x2  
  92  16:33  Stalker x6  
  92  16:38  Stalker  
  92  16:39  Stalker, Observer  
  95  16:40  Zealot  
  93  16:54  Assimilator  
  93  16:55  Assimilator  
  93  16:57  Zealot x7  
  93  16:58  Zealot  
  93  17:00  Disruptor x2 (Chrono Boost)  
  109  17:02  Nexus  
  115  17:12  Stalker  
  115  17:13  Stalker x2  
  121  17:16  Pylon  
  121  17:20  Pylon  
  118  17:25  Stalker x5  
  118  17:28  Zealot x3  
  130  17:38  Stalker x3  
  130  17:42  Photon Cannon  
  130  17:44  Photon Cannon  
  136  17:45  Shield Battery, Observer x2 (Chrono Boost)  
  134  18:00  Disruptor (Chrono Boost)  
  134  18:01  Probe, Photon Cannon  
  134  18:02  Probe x2, Observer (Chrono Boost)  
  139  18:07  Dark Templar  
  139  18:10  Dark Templar  
  124  18:32  Stalker x5  
  134  18:39  Stalker x2  
  138  18:53  Stalker x2  
  136  19:18  Stalker, Nexus  
  136  19:19  Stalker x4  
  128  19:46  Stalker x8  
  128  19:50  Observer  
  144  19:54  Disruptor (Chrono Boost)  
  144  19:59  Observer  
  138  20:04  Stalker x3  
  132  20:09  Dark Templar  
  132  20:10  Dark Templar  
  132  20:11  Disruptor (Chrono Boost)  
  138  20:32  Stalker x5  
  138  20:33  Nexus  
  148  20:54  Observer  
  143  21:05  Dark Templar x3  
  135  21:13  Stalker x6, Pylon  
  135  21:16  Nexus  
  130  21:33  Stalker x2  
  130  21:37  Stalker x6  
  130  21:38  Stalker  
  112  21:54  Dark Templar  
  112  21:55  Dark Templar  
  112  21:59  Stalker x2  
  120  22:07  Observer  
  97  22:17  Stalker x2  
  97  22:18  Stalker x5  
  96  22:23  Stalker  
  98  22:30  Stalker  
  84  22:52  Stalker x4  
  92  23:13  Cybernetics Core  
  92  23:19  Archon  
Show
View Real Time Build Order
Export as new Build Order

Trap Protoss - Winner!

Build Orders: Oracle Opening, Carriers 

Get SALT Encoding   

  12  0:00  Probe  
  13  0:12  Probe  
  14  0:18  Pylon  
  14  0:24  Probe (Chrono Boost)  
  15  0:36  Probe (Chrono Boost), Gateway  
  16  0:45  Probe (Chrono Boost)  
  16  0:46  Assimilator  
  17  0:50  Probe  
  17  0:55  Assimilator  
  18  1:03  Probe (Chrono Boost)  
  19  1:08  Gateway  
  20  1:12  Probe (Chrono Boost)  
  20  1:17  Probe (Chrono Boost)  
  20  1:23  Cybernetics Core  
  21  1:29  Probe  
  22  1:35  Pylon  
  22  1:41  Probe  
  23  1:53  Probe  
  24  2:00  Stalker x2, Warp Gate  
  28  2:09  Pylon  
  28  2:26  Stargate  
  28  2:31  Adept  
  28  2:35  Adept  
  32  2:40  Probe  
  32  3:02  Nexus  
  32  3:08  Oracle (Chrono Boost)  
  35  3:14  Probe  
  36  3:24  Pylon  
  36  3:26  Probe  
  37  3:39  Oracle (Chrono Boost)  
  37  3:43  Probe  
  41  3:57  Twilight Council  
  41  3:59  Adept  
  41  4:00  Adept  
  45  4:03  Probe  
  46  4:14  Probe  
  46  4:15  Probe  
  48  4:25  Stalker x2  
  48  4:27  Probe (Chrono Boost)  
  54  4:35  Probe (Chrono Boost)  
  54  4:38  Probe (Chrono Boost)  
  55  4:39  Blink (Chrono Boost)  
  55  4:43  Probe x2 (Chrono Boost)  
  56  4:54  Probe x2  
  58  5:04  Stalker x2  
  58  5:06  Probe  
  58  5:07  Probe  
  61  5:10  Gateway  
  61  5:13  Pylon  
  61  5:18  Probe  
  62  5:22  Assimilator  
  62  5:31  Stalker x2, Probe  
  62  5:34  Probe  
  62  5:35  Pylon  
  68  5:48  Nexus  
  68  5:51  Probe  
  68  5:52  Probe  
  70  6:04  Stalker x2, Shield Battery  
  70  6:07  Stalker  
  70  6:10  Probe x2  
  78  6:14  Pylon  
  78  6:18  Forge  
  78  6:31  Robotics Facility  
  78  6:39  Charge  
  78  6:49  Protoss Ground Weapons Level 1 (Chrono Boost)  
  78  6:51  Pylon, Gateway  
  78  6:54  Gateway  
  78  6:56  Gateway  
  78  7:00  Probe x2 (Chrono Boost), Pylon  
  81  7:03  Sentry x2  
  81  7:05  Probe (Chrono Boost)  
  85  7:10  Probe x2 (Chrono Boost)  
  85  7:14  Probe (Chrono Boost), Gateway  
  85  7:15  Probe (Chrono Boost)  
  88  7:17  Probe  
  88  7:18  Gateway, Observer  
  91  7:24  Probe  
  91  7:26  Pylon  
  91  7:29  Probe  
  94  7:30  Probe  
  94  7:36  Probe  
  95  7:39  Gateway x2  
  95  7:42  Probe x2  
  95  7:48  Stalker x3, Probe  
  102  7:53  Assimilator  
  102  7:54  Probe x2  
  102  7:57  Photon Cannon  
  104  8:00  Probe  
  104  8:03  Stalker x2  
  104  8:05  Stalker  
  111  8:16  Nexus  
  111  8:18  Pylon  
  111  8:24  Observer  
  109  8:40  Zealot x8  
  125  8:44  Templar Archives  
  125  8:45  Protoss Ground Weapons Level 2 (Chrono Boost)  
  125  8:46  Pylon  
  125  8:47  Pylon  
  125  8:51  Shield Battery  
  125  8:53  Photon Cannon  
  125  9:12  Probe  
  125  9:13  Probe x2  
  125  9:14  Zealot x6  
  133  9:24  Probe  
  133  9:27  Probe x2  
  133  9:28  Probe  
  133  9:29  High Templar x4  
  145  9:32  Pylon  
  145  9:35  Archon  
  145  9:36  Assimilator x2, Archon  
  145  9:37  Probe, Pylon  
  146  9:39  Probe x2  
  146  9:40  Probe  
  149  9:52  Robotics Facility  
  149  9:53  Robotics Bay  
  149  9:54  Probe x4  
  149  9:56  Assimilator, Photon Cannon  
  149  9:59  Photon Cannon  
  153  10:01  Photon Cannon  
  153  10:07  Observer  
  153  10:09  Observer  
  150  10:16  High Templar x2  
  150  10:17  Zealot x4  
  150  10:18  Zealot x2  
  150  10:21  Archon  
  164  10:24  Pylon  
  164  10:25  Assimilator  
  164  10:28  Pylon  
  164  10:30  Disruptor x2 (Chrono Boost)  
  164  10:32  Photon Cannon  
  164  10:34  Shield Battery  
  164  10:42  Gravitic Boosters  
  170  10:52  Protoss Ground Weapons Level 3 (Chrono Boost)  
  170  10:56  Nexus  
  168  11:03  Disruptor x2 (Chrono Boost)  
  168  11:09  Photon Cannon  
  174  11:11  Photon Cannon  
  174  11:16  Shield Battery  
  174  11:19  Stargate  
  174  11:23  Zealot x2  
  174  11:24  Zealot x2  
  182  11:29  Disruptor x2 (Chrono Boost)  
  187  11:40  Photon Cannon  
  187  11:43  Shield Battery  
  188  11:48  Pylon  
  188  11:51  Pylon  
  187  12:03  Observer  
  187  12:06  Disruptor, Fleet Beacon  
  190  12:08  Stargate  
  190  12:12  Zealot  
  190  12:15  Stargate  
  192  12:18  Stargate  
  192  12:24  Protoss Air Weapons Level 1 (Chrono Boost)  
  182  12:34  Nexus  
  178  12:45  Nexus  
  178  12:53  Pylon  
  178  12:54  Carrier x2 (Chrono Boost)  
  178  12:56  Observer  
  178  12:57  Dark Shrine, Carrier (Chrono Boost)  
  194  13:25  Zealot x3  
  194  13:42  Photon Cannon, Protoss Shields Level 1  
  194  13:44  Photon Cannon  
  194  13:47  Photon Cannon  
  190  13:48  Photon Cannon  
  190  13:50  Shield Battery  
  190  13:51  Carrier x2 (Chrono Boost)  
  190  13:52  Shield Battery  
  182  14:00  Carrier (Chrono Boost)  
  200  14:04  Pylon  
  200  14:05  Photon Cannon  
  200  14:08  Photon Cannon  
  196  14:19  Carrier (Chrono Boost)  
  196  14:22  Photon Cannon  
  200  14:24  Photon Cannon  
  200  14:25  Shadow Stride  
  197  14:37  Carrier (Chrono Boost)  
  190  14:45  Carrier (Chrono Boost)  
  196  14:54  Disruptor  
  182  15:16  Zealot x3, Protoss Air Weapons Level 2  
  175  15:31  Disruptor x2  
  172  15:46  Dark Templar  
  127  16:05  Dark Templar x5  
  127  16:06  Zealot x4  
  133  16:20  Carrier (Chrono Boost)  
  133  16:23  Carrier (Chrono Boost)  
  130  16:32  Carrier (Chrono Boost)  
  134  16:44  Disruptor (Chrono Boost)  
  140  16:51  Disruptor (Chrono Boost)  
  140  16:52  Dark Templar  
  142  16:56  Carrier (Chrono Boost)  
  148  17:04  Archon  
  148  17:05  Archon x2  
  146  17:12  Observer (Chrono Boost)  
  147  17:17  Stalker x4, Photon Cannon  
  147  17:18  Shield Battery, Zealot  
  147  17:21  Observer (Chrono Boost)  
  155  17:25  Dark Templar  
  155  17:26  Dark Templar  
  159  17:35  Stalker x2  
  161  17:38  Warp Prism (Chrono Boost)  
  161  17:59  Stalker x5  
  171  18:08  Photon Cannon  
  171  18:19  Disruptor (Chrono Boost)  
  165  18:20  Disruptor (Chrono Boost)  
  161  18:31  Zealot x6  
  173  18:48  Protoss Air Weapons Level 3 (Chrono Boost)  
  173  18:52  Assimilator  
  173  18:55  Assimilator  
  173  19:02  Disruptor x2  
  175  19:16  Stalker x7  
  189  19:17  Nexus  
  189  19:20  Pylon  
  185  19:38  Photon Cannon  
  166  19:39  Mothership (Chrono Boost)  
  166  19:43  Photon Cannon  
  165  19:48  Dark Templar, Zealot x5  
  164  20:08  Dark Templar x2  
  164  20:12  Warp Prism (Chrono Boost)  
  164  20:14  Disruptor (Chrono Boost)  
  172  20:43  Dark Templar  
  172  20:44  Zealot x4  
  175  20:55  Dark Templar x2, Nexus  
  169  21:10  Dark Templar x3, Zealot x2  
  169  21:11  Zealot  
  181  21:15  Oracle  
  181  21:17  Pylon  
  181  21:29  Disruptor (Chrono Boost)  
  184  21:37  Robotics Facility  
  184  21:41  Stalker x5  
  176  21:58  Stalker x3, Disruptor  
  167  22:18  Stalker x5  
  167  22:19  Stalker  
  179  22:33  Disruptor (Chrono Boost)  
  179  22:35  Observer (Chrono Boost)  
  183  22:45  Stalker  
  183  22:46  Stalker  
  183  22:48  Disruptor (Chrono Boost)  
  187  22:57  Disruptor (Chrono Boost)  
  187  23:18  Dark Templar  
  192  23:20  Immortal (Chrono Boost)  
  196  23:31  Stalker x2  
  195  23:42  Probe x3  
  195  23:43  Probe  

Tags
 
Add a new tag
Caveats
  • Supply blocks, unpowered buildings, or Contaminate may cause inaccurate times.
  • Supply counts are checked every 10 seconds.